[Event "ICC tourney 2375 (15 3)"]
[Site "Internet Chess Club"]
[Date "2021.02.06"]
[Round "3"]
[White "onektworta"]
[Black "GSHenry"]
[Result "0-1"]
[ICCResult "White resigns"]
[WhiteElo "1272"]
[BlackElo "1670"]
[Opening "QGD: 5...c6"]
[ECO "D51"]
[NIC "SL.01"]
[Time "14:00:10"]
[PlyCount "144"]
[TimeControl "900+3"]

1. d4 d5 2. c4 c6 3. Nc3 Nf6 4. Bg5 Nbd7 5. e3 e6 6. Bd3 Bb4 7. Ne2 O-O 8.
a3 Bd6 9. O-O h6 10. Bh4 Be7 11. Qc2 b6 12. h3 Ba6 13. cxd5 Bxd3 14. Qxd3
Nxd5 15. Bxe7 Qxe7 16. Rac1 Rac8 17. e4 N5f6 18. Rfd1 Rfd8 19. Nf4 Nf8 20.
Qg3 c5 21. d5 exd5 22. Ncxd5 Nxd5 23. exd5 Qg5 24. Qxg5 hxg5 25. Ne2 Rd6
26. f4 gxf4 27. Nxf4 g5 28. Ne2 Rcd8 29. Nc3 Ng6 30. g3 Ne7 31. Nb5 Rxd5
32. Rxd5 Rxd5 33. Nxa7 Rd3 34. Re1 Nd5 35. Kg2 Rd2+ 36. Kf3 Rxb2 37. Kg4 f6
38. Kf5 Kf7 39. Nc6 Rf2+ 40. Ke4 Ne7 41. Nd8+ Kg6 42. g4 Rf4+ 43. Kd3 Nd5
44. Re4 Rxe4 45. Kxe4 Nf4 46. Nc6 Kf7 47. Nb8 Ke6 48. Nc6 Nxh3 49. Kd3 Kd5
50. Ne7+ Ke6 51. Nc8 Kd7 52. Nxb6+ Kc6 53. Nc4 Nf2+ 54. Kc3 Nxg4 55. a4 f5
56. a5 f4 57. Kd3 Nf6 58. Ke2 Kb5 59. Kd3 g4 60. Ke2 Kxc4 61. a6 Nd7 62. a7
Nb6 63. Kd2 Na8 64. Ke2 g3 65. Kf3 Kd3 66. Kg2 c4 67. Kf3 c3 68. Kxf4 g2
69. Ke5 c2 70. Kd6 c1=Q 71. Kd7 Qc7+ 72. Ke6 g1=Q { White resigns } 0-1

[Event "ICC tourney 2375 (15 3)"]
[Site "Internet Chess Club"]
[Date "2021.02.06"]
[Round "3"]
[White "anirudha-menon"]
[Black "drusdan"]
[Result "1-0"]
[ICCResult "Black checkmated"]
[WhiteElo "1769"]
[BlackElo "1401"]
[Opening "Sicilian defense"]
[ECO "B30"]
[NIC "SI.31"]
[Time "14:00:16"]
[PlyCount "137"]
[TimeControl "900+3"]

1. e4 c5 2. Nf3 Nc6 3. d3 e5 4. g3 Nf6 5. Bg2 Be7 6. c3 O-O 7. O-O d6 8.
Re1 Bg4 9. Nbd2 Rc8 10. Nf1 Qd7 11. Ne3 Rfd8 12. Nxg4 Qxg4 13. h3 Qg6 14.
Nh4 Qh5 15. Bf3 Qxh4 16. gxh4 d5 17. exd5 Nxd5 18. Bg4 Rc7 19. Qf3 Bxh4 20.
Qg2 Nf4 21. Bxf4 exf4 22. Rad1 g6 23. Bf3 Ne7 24. Kh1 Nf5 25. Bg4 Nh6 26.
Bf3 Nf5 27. Bxb7 Bxf2 28. Qxf2 Rxb7 29. Rd2 g5 30. Qxc5 Ng3+ 31. Kg1 h6 32.
Re7 Rb6 33. Qc7 Rf8 34. Qxa7 Rf6 35. Qd4 Rf5 36. Qf2 Ra8 37. a3 h5 38. d4
g4 39. hxg4 hxg4 40. Qg2 Kg7 41. Qxa8 f3 42. Qc8 Rh5 43. Qxg4+ Kf8 44.
Rxf7+ Kxf7 45. Qxh5+ Nxh5 46. Rf2 Ke6 47. Rxf3 Nf6 48. Rxf6+ Kxf6 49. Kf2
Ke6 50. Ke3 Kd5 51. Kd3 Kc6 52. c4 Kd6 53. b4 Kc6 54. d5+ Kd6 55. Kd4 Kc7
56. c5 Kb7 57. b5 Kc7 58. d6+ Kb7 59. Kd5 Kc8 60. c6 Kd8 61. b6 Kc8 62. d7+
Kd8 63. a4 Ke7 64. b7 Kd8 65. b8=Q+ Ke7 66. d8=Q+ Kf7 67. Qe8+ Kf6 68. Qe6+
Kg7 69. Qbg8# { Black checkmated } 1-0

[Event "ICC tourney 2375 (15 3)"]
[Site "Internet Chess Club"]
[Date "2021.02.06"]
[Round "3"]
[White "Stepaheadofu"]
[Black "SFB-TU"]
[Result "0-1"]
[ICCResult "White checkmated"]
[WhiteElo "1631"]
[BlackElo "1177"]
[Opening "Sicilian: closed, 2...Nc6"]
[ECO "B23"]
[NIC "SI.44"]
[Time "14:00:16"]
[PlyCount "158"]
[TimeControl "900+3"]

1. e4 c5 2. Nc3 Nc6 3. Bc4 d6 4. Nf3 g6 5. Ng5 e6 6. d3 Bg7 7. Qf3 Nf6 8.
O-O Ne5 9. Qe2 Nxc4 10. dxc4 O-O 11. Be3 Bd7 12. f4 Qe7 13. e5 dxe5 14.
fxe5 Ne8 15. Nf3 Bc6 16. Bf4 Nc7 17. a4 b6 18. Rfd1 Rad8 19. Rxd8 Rxd8 20.
Rd1 Rxd1+ 21. Qxd1 Na6 22. Qd6 Qd7 23. Qxd7 Bxd7 24. b3 Nb4 25. Ne1 Bc6 26.
Kf2 f6 27. exf6 Bxf6 28. Nb5 a6 29. Nd6 Bd4+ 30. Be3 Bc3 31. Nd3 Nxc2 32.
Ne5 Bxe5 33. Nc8 Nxe3 34. Kxe3 Bc3 35. Ne7+ Kf7 36. Nxc6 Kf6 37. Ke4 h5 38.
Nb8 a5 39. Nd7+ Ke7 40. Nxb6 Bb4 41. Nc8+ Kd7 42. Na7 Kd6 43. Nb5+ Kd7 44.
h3 Ke7 45. g4 hxg4 46. hxg4 Kf6 47. Nd6 Kg5 48. Kf3 e5 49. Ne4+ Kh6 50. Kg3
Kg7 51. Kh4 Kh6 52. g5+ Kg7 53. Kg4 Kf7 54. Nd6+ Ke6 55. Ne4 Ba3 56. Nc3
Bb4 57. Ne4 Ba3 58. Nf6 Bc1 59. Ne4 Ba3 60. Nc3 Bb4 61. Nb5 Bd2 62. Nc7+
Kd6 63. Nd5 e4 64. Nf4 e3 65. Kf3 Ke5 66. Nd5 Kf5 67. Nxe3+ Bxe3 68. Kxe3
Kxg5 69. b4 cxb4 70. c5 Kf6 71. c6 Ke7 72. c7 Kd7 73. c8=Q+ Kxc8 74. Kd4 g5
75. Kc5 b3 76. Kc4 b2 77. Kb5 b1=Q+ 78. Kxa5 Kc7 79. Ka6 Qb6# { White
checkmated } 0-1

[Event "ICC tourney 2375 (15 3)"]
[Site "Internet Chess Club"]
[Date "2021.02.06"]
[Round "3"]
[White "sujashankar"]
[Black "StallionItalian"]
[Result "0-1"]
[ICCResult "White checkmated"]
[WhiteElo "1749"]
[BlackElo "1156"]
[Opening "Owen defense"]
[ECO "B00"]
[NIC "VO.01"]
[Time "14:00:05"]
[PlyCount "116"]
[TimeControl "900+3"]

1. e4 b6 2. d4 Bb7 3. Nc3 e6 4. Nf3 Bb4 5. Bd3 Nf6 6. O-O Bxc3 7. bxc3 Nxe4
8. Bb2 Nf6 9. c4 O-O 10. Re1 c5 11. dxc5 bxc5 12. Rb1 Bc6 13. Ne5 d6 14.
Ng4 e5 15. f4 Nbd7 16. fxe5 Nxg4 17. Qxg4 dxe5 18. Bxe5 Nxe5 19. Rxe5 Qd6
20. Qg3 Qd4+ 21. Kh1 Rae8 22. Ree1 Rxe1+ 23. Rxe1 Re8 24. Rxe8+ Bxe8 25.
Qe1 Kf8 26. h3 Bc6 27. Qb1 Qd7 28. Qb8+ Ke7 29. Qe5+ Kd8 30. Bf5 Qd4 31.
Qb8+ Ke7 32. Qc7+ Kf6 33. Qxc6+ Kxf5 34. Qd5+ Qxd5 35. cxd5 c4 36. Kg1 Ke5
37. Kf2 Kxd5 38. c3 Ke4 39. Ke2 h5 40. g3 g5 41. a3 f5 42. a4 g4 43. hxg4
hxg4 44. a5 a6 45. Kf2 Kd3 46. Kg2 Kxc3 47. Kh2 Kb4 48. Kg2 Kxa5 49. Kh2
Kb4 50. Kg2 c3 51. Kh2 c2 52. Kg2 c1=Q 53. Kh2 Qd2+ 54. Kg1 a5 55. Kf1 a4
56. Kg1 a3 57. Kf1 a2 58. Kg1 a1=Q# { White checkmated } 0-1

[Event "ICC tourney 2375 (15 3)"]
[Site "Internet Chess Club"]
[Date "2021.02.06"]
[Round "3"]
[White "AdityaBang"]
[Black "fabianolivares"]
[Result "1-0"]
[ICCResult "Black checkmated"]
[WhiteElo "1416"]
[BlackElo "1714"]
[Opening "Sicilian: accelerated fianchetto, modern variation with Bc4"]
[ECO "B35"]
[NIC "SI.43"]
[Time "14:00:11"]
[PlyCount "49"]
[TimeControl "900+3"]

1. e4 c5 2. Nf3 g6 3. d4 cxd4 4. Nxd4 Bg7 5. Nc3 Nc6 6. Be3 Nf6 7. Bc4 O-O
8. Bb3 d6 9. f3 Bd7 10. Qd2 Rc8 11. h4 h5 12. O-O-O Ne5 13. Bh6 Nc4 14.
Bxc4 Rxc4 15. Bxg7 Kxg7 16. g4 Qa5 17. gxh5 Nxh5 18. Rhg1 Rfc8 19. Rg5 e5
20. Rxh5 gxh5 21. Rg1+ Kf8 22. Qh6+ Ke7 23. Nb3 Qd8 24. Nd5+ Ke8 25. Rg8# {
Black checkmated } 1-0

[Event "ICC tourney 2375 (15 3)"]
[Site "Internet Chess Club"]
[Date "2021.02.06"]
[Round "3"]
[White "JamesS"]
[Black "Aladdin1962"]
[Result "0-1"]
[ICCResult "White resigns"]
[WhiteElo "1450"]
[BlackElo "1707"]
[Opening "Sicilian: Kan, 5.Nc3"]
[ECO "B43"]
[NIC "SI.41"]
[Time "14:00:08"]
[PlyCount "162"]
[TimeControl "900+3"]

1. e4 c5 2. Nf3 e6 3. d4 cxd4 4. Nxd4 a6 5. Nc3 Qc7 6. g3 Nf6 7. Bg2 Nc6 8.
Nde2 Ne5 9. O-O Bc5 10. Bf4 d6 11. h3 b5 12. a3 Bb7 13. b4 Ba7 14. Bxe5
dxe5 15. g4 Rd8 16. Qe1 O-O 17. Ng3 Rc8 18. Nge2 Qc4 19. Qd2 Rfd8 20. Qg5
Bxe4 21. Nxe4 Nxe4 22. Bxe4 Qxe4 23. Ng3 Qf4 24. Qxf4 exf4 25. Ne2 e5 26.
c3 g5 27. Rad1 Kg7 28. Kg2 h5 29. f3 hxg4 30. fxg4 e4 31. Nd4 Kf6 32. h4
Bxd4 33. hxg5+ Kxg5 34. cxd4 Rc3 35. d5 Rxa3 36. d6 Ra2+ 37. Kg1 e3 38.
Rd5+ Kxg4 39. Rd4 Rf2 40. Rxf2 exf2+ 41. Kxf2 f5 42. d7 Kg5 43. Kf3 Kf6 44.
Kxf4 Ke6 45. Rd1 Rxd7 46. Re1+ Kf6 47. Ra1 Rd4+ 48. Ke3 Rxb4 49. Rxa6+ Ke5
50. Ra8 Rb3+ 51. Kd2 Kf4 52. Kc2 Re3 53. Rb8 Re5 54. Kb3 Kf3 55. Kc3 f4 56.
Kd3 Kf2 57. Rf8 f3 58. Rb8 Ke1 59. Ra8 b4 60. Ra4 b3 61. Ra1+ Kf2 62. Rb1
Re3+ 63. Kd4 Re2 64. Rxb3 Kf1 65. Rb1+ Re1 66. Rb8 f2 67. Kd3 Re7 68. Rb1+
Kg2 69. Rb2 Kg1 70. Rxf2 Kxf2 71. Kd4 Kf3 72. Kd5 Kf4 73. Kd6 Re1 74. Kd5
Re2 75. Kd4 Rd2+ 76. Kc3 Rd8 77. Kc4 Ke5 78. Kc5 Rc8+ 79. Kb4 Kd5 80. Kb3
Kd4 81. Kb2 Kd3 { White resigns } 0-1

[Event "ICC tourney 2375 (15 3)"]
[Site "Internet Chess Club"]
[Date "2021.02.06"]
[Round "3"]
[White "blueocean07"]
[Black "dlevitin"]
[Result "1/2-1/2"]
[ICCResult "Game drawn because neither player has mating material"]
[WhiteElo "1737"]
[BlackElo "1087"]
[Opening "QGD Slav defense: exchange variation"]
[ECO "D10"]
[NIC "SL.01"]
[Time "14:00:08"]
[PlyCount "147"]
[TimeControl "900+3"]

1. d4 c6 2. c4 d5 3. cxd5 cxd5 4. Nc3 e6 5. Bf4 Nc6 6. Nf3 Bd6 7. Bxd6 Qxd6
8. e3 f5 9. Be2 Nf6 10. O-O O-O 11. Qb3 a6 12. Rac1 Bd7 13. Na4 b5 14. Nc5
Bc8 15. Qc2 Nb4 16. Qb3 Nc6 17. a3 Ne4 18. Nd3 Na5 19. Qc2 Nc4 20. Nde5 Bb7
21. Nxc4 bxc4 22. Ne5 Ng5 23. Qa4 Nf7 24. b3 cxb3 25. Qxb3 Bc8 26. Rc6 Qe7
27. Nxf7 Qxf7 28. Rfc1 a5 29. Rc7 Qe8 30. Bb5 Qd8 31. Ba4 Rf7 32. Rxf7 Kxf7
33. Bc6 Ra7 34. Qb5 Ba6 35. Qb2 Bc4 36. h3 Rc7 37. Ba4 Qc8 38. Rb1 Qd8 39.
Qb6 Qe7 40. Qxa5 Kf6 41. Bb5 Ra7 42. Qb4 Bxb5 43. Qxb5 Rxa3 44. Qc6 Ra7 45.
Rb6 Rc7 46. Qb5 Rc1+ 47. Kh2 Qc7+ 48. g3 Rc2 49. Kg2 Qe7 50. Rb7 Rc7 51.
Rb6 h5 52. Qb4 Qxb4 53. Rxb4 g5 54. Rb3 Rc2 55. Kf3 g4+ 56. hxg4 hxg4+ 57.
Kg2 Rc6 58. Rb2 e5 59. dxe5+ Kxe5 60. Rb5 Rc4 61. Rb8 d4 62. exd4+ Rxd4 63.
Re8+ Kf6 64. Re3 Kg5 65. Re8 Rd6 66. Re2 f4 67. gxf4+ Kxf4 68. Re8 Rf6 69.
Rg8 Rf5 70. Rg7 Rg5 71. Rxg5 Kxg5 72. Kg3 Kf5 73. f3 gxf3 74. Kxf3 { Game
drawn because neither player has mating material } 1/2-1/2

[Event "ICC tourney 2375 (15 3)"]
[Site "Internet Chess Club"]
[Date "2021.02.06"]
[Round "3"]
[White "UltimateDL"]
[Black "jeffreyallen"]
[Result "0-1"]
[ICCResult "White checkmated"]
[WhiteElo "1480"]
[BlackElo "1704"]
[Opening "Four knights: Scotch, 4...exd4"]
[ECO "C47"]
[NIC "RG.01"]
[Time "14:06:05"]
[PlyCount "70"]
[TimeControl "900+3"]

1. e4 e5 2. Nf3 Nf6 3. Nc3 Nc6 4. d4 exd4 5. Nxd4 Bb4 6. Nxc6 bxc6 7. Bd3
O-O 8. O-O Re8 9. f3 a5 10. Bg5 Ba6 11. Re1 Bc5+ 12. Kh1 h6 13. Bh4 g5 14.
Bxa6 Rxa6 15. Bg3 Nh5 16. Qe2 Nxg3+ 17. hxg3 Ra8 18. Rad1 Qf6 19. Rxd7 Bd6
20. Qc4 Bxg3 21. Red1 g4 22. fxg4 Qh4+ 23. Kg1 Qh2+ 24. Kf1 Qh1+ 25. Ke2
Qxg2+ 26. Ke3 Qf2+ 27. Kd3 Rad8 28. Qxc6 Qf3+ 29. Kc4 Rxd7 30. Qxd7 Rb8 31.
b3 Rb4+ 32. Kd5 Qxc3 33. Qe8+ Kg7 34. Rd3 c6+ 35. Qxc6 Qe5# { White
checkmated } 0-1

[Event "ICC tourney 2375 (15 3)"]
[Site "Internet Chess Club"]
[Date "2021.02.06"]
[Round "3"]
[White "Najeebhadi"]
[Black "lokesh888"]
[Result "1-0"]
[ICCResult "Black resigns"]
[WhiteElo "1700"]
[BlackElo "1058"]
[Opening "Caro-Kann: classical variation"]
[ECO "B18"]
[NIC "CK.10"]
[Time "14:00:11"]
[PlyCount "87"]
[TimeControl "900+3"]

1. e4 c6 2. d4 d5 3. Nc3 dxe4 4. Nxe4 Bf5 5. Bd3 e6 6. Nf3 Nd7 7. Bf4 h6 8.
c3 Ngf6 9. Nd6+ Bxd6 10. Bxd6 Bxd3 11. Qxd3 Nd5 12. c4 Ne7 13. Ne5 O-O 14.
O-O Nf6 15. Bb4 Re8 16. Rad1 b6 17. Bxe7 Qxe7 18. Nxc6 Qd6 19. Ne5 Nd7 20.
f4 Rac8 21. Nxd7 Qxd7 22. f5 exf5 23. Rxf5 Qa4 24. b3 Qxa2 25. Rf2 Qa5 26.
d5 Qc5 27. Qf5 f6 28. Qg4 Re5 29. Kf1 Rce8 30. d6 Qe3 31. g3 Qe1+ 32. Rxe1
Rxe1+ 33. Kg2 Rd8 34. Rxf6 Kh7 35. Qg6+ Kh8 36. Rf7 Rg8 37. d7 Rd1 38. Re7
Rd2+ 39. Kh3 a6 40. Re8 Rxd7 41. Rxg8+ Kxg8 42. Qe8+ Kh7 43. Qxd7 Kg6 44.
Qc6+ { Black resigns } 1-0

[Event "ICC tourney 2375 (15 3)"]
[Site "Internet Chess Club"]
[Date "2021.02.06"]
[Round "3"]
[White "drmikemc"]
[Black "tistime"]
[Result "0-1"]
[ICCResult "White resigns"]
[WhiteElo "1666"]
[BlackElo "821"]
[Opening "Caro-Kann: two knights, 3...Bg4"]
[ECO "B10"]
[NIC "CK.01"]
[Time "14:00:10"]
[PlyCount "110"]
[TimeControl "900+3"]

1. e4 c6 2. Nf3 d5 3. Nc3 Bg4 4. Be2 e6 5. h3 Bh5 6. g4 Bg6 7. Bd3 Nd7 8.
h4 h5 9. g5 Nc5 10. Qe2 Qc7 11. e5 Nxd3+ 12. cxd3 c5 13. Nb5 Qb6 14. d4 c4
15. Nc3 Ne7 16. Qe3 Nf5 17. Qe2 Nxd4 18. Nxd4 Qxd4 19. Nb5 Qb6 20. a4 a6
21. Nc3 Bd3 22. Qf3 Bb4 23. Rh3 O-O-O 24. Qe3 Bc5 25. Qf4 Rhf8 26. Nd1 Bf5
27. Rf3 f6 28. Qg3 fxg5 29. Qxg5 Bg4 30. Rxf8 Rxf8 31. Ne3 Bxe3 32. dxe3
Qb3 33. Bd2 Qxb2 34. Rc1 Rf7 35. Qg6 Re7 36. Qh7 Qa3 37. Qg8+ Kc7 38. Rb1
Qxa4 39. Bb4 Qe8 40. Ba5+ Kb8 41. Qxe8+ Rxe8 42. Rb6 Ka7 43. Rd6 Rc8 44.
Bc3 b5 45. Kf1 a5 46. Rd7+ Ka8 47. Rxg7 b4 48. Bd2 c3 49. Bc1 b3 50. Rd7 b2
51. Bxb2 cxb2 52. Rd6 b1=Q+ 53. Kg2 Qe4+ 54. Kh2 Rc1 55. Ra6+ Kb7 { White
resigns } 0-1

[Event "ICC tourney 2375 (15 3)"]
[Site "Internet Chess Club"]
[Date "2021.02.06"]
[Round "3"]
[White "lwidjaja"]
[Black "quale"]
[Result "1-0"]
[ICCResult "Black resigns"]
[WhiteElo "1482"]
[BlackElo "1724"]
[Opening "Giuoco Piano"]
[ECO "C54"]
[NIC "IG.02"]
[Time "14:00:46"]
[PlyCount "143"]
[TimeControl "900+3"]

1. e4 e5 2. Nf3 Nc6 3. Bc4 Bc5 4. c3 Nf6 5. d3 d6 6. a4 a6 7. O-O O-O 8.
Nbd2 h6 9. Qc2 Ba7 10. Re1 Ng4 11. Re2 Kh8 12. h3 Nf6 13. Nf1 Nh5 14. Be3
Bxe3 15. Nxe3 Nf4 16. Ree1 Qf6 17. Nd5 Nxd5 18. Bxd5 Ne7 19. Qe2 Nxd5 20.
exd5 Bf5 21. d4 e4 22. Nd2 Rae8 23. Kh2 g5 24. Rh1 Bg6 25. Nc4 Qg7 26. Ne3
f5 27. Kg1 f4 28. Ng4 f3 29. Qd2 fxg2 30. Rh2 Rf3 31. h4 Bh5 32. Ne3 g4 33.
Rxg2 Ref8 34. Nf1 Qf6 35. Ng3 Bg6 36. Qxh6+ Kg8 37. h5 Bh7 38. Qxf6 R8xf6
39. Nf1 Bf5 40. Ne3 Bd7 41. Nxg4 Bxg4 42. Rxg4+ Kh7 43. Rg2 Kh6 44. Re1
R6f4 45. Rg3 Rxf2 46. Rg2 Rxg2+ 47. Kxg2 Kxh5 48. Kg3 Kg5 49. Rh1 Rf3+ 50.
Kg2 Rf7 51. Re1 Rf4 52. Rh1 e3 53. Re1 Rf2+ 54. Kg3 Rxb2 55. Rxe3 Ra2 56.
Re7 Rxa4 57. Rxc7 Ra5 58. c4 b5 59. c5 dxc5 60. dxc5 b4 61. d6 Ra3+ 62. Kf2
Rd3 63. Ke2 Rd5 64. d7 Kf5 65. c6 Ke6 66. Rc8 Ke7 67. Re8+ Kf7 68. d8=Q
Rxd8 69. Rxd8 Ke7 70. Rd1 b3 71. c7 b2 72. c8=Q { Black resigns } 1-0

[Event "ICC tourney 2375 (15 3)"]
[Site "Internet Chess Club"]
[Date "2021.02.06"]
[Round "3"]
[White "ChrisHinkle"]
[Black "mohitbayyarapu"]
[Result "1-0"]
[ICCResult "Black resigns"]
[WhiteElo "1513"]
[BlackElo "1742"]
[Opening "Sicilian: wing gambit, Carlsbad variation"]
[ECO "B20"]
[NIC "SI.48"]
[Time "14:00:15"]
[PlyCount "141"]
[TimeControl "900+3"]

1. e4 c5 2. b4 cxb4 3. a3 bxa3 4. d4 e6 5. Nf3 d5 6. e5 Nc6 7. c3 Qc7 8.
Bd3 f6 9. O-O Be7 10. Re1 Bd7 11. Nxa3 Bxa3 12. Bxa3 f5 13. Bd6 Qd8 14. Qc2
Nge7 15. Reb1 Nc8 16. Ba3 Nb6 17. Nd2 Rc8 18. Qd1 h5 19. Bc1 Qe7 20. Nf3
Qf7 21. Be2 g6 22. Ng5 Qg7 23. Bb5 Qe7 24. h4 Nc4 25. Bxc4 dxc4 26. Rxb7
Nd8 27. Rbxa7 Nc6 28. Rb7 Nd8 29. Ba3 Qg7 30. Rb6 Rc6 31. Rxc6 Bxc6 32. Bd6
Qd7 33. Qb1 Qb7 34. Qxb7 Bxb7 35. Ra7 Rg8 36. Nxe6 Nxe6 37. Rxb7 Nf4 38.
Rc7 Nd5 39. Rxc4 Kd7 40. Bb4 Nxb4 41. Rxb4 Ke6 42. f4 Rc8 43. c4 Ra8 44. c5
Rd8 45. Kf2 Kd5 46. Ke3 Ra8 47. Rb3 Ra4 48. Rd3 Ra2 49. g3 Rg2 50. Kf3 Rc2
51. Re3 Ke6 52. d5+ Ke7 53. c6 Rc5 54. d6+ Ke6 55. c7 Rc6 56. Rd3 Kd7 57.
Ke3 Rc5 58. Kd4 Rc2 59. Kd5 Re2 60. Rc3 Rd2+ 61. Kc5 Ra2 62. Kb4 Rb2+ 63.
Kc5 Ra2 64. e6+ Kc8 65. Kd5 Rd2+ 66. Ke5 Re2+ 67. Kf6 g5 68. hxg5 h4 69.
gxh4 Rb2 70. d7+ Kb7 71. c8=Q+ { Black resigns } 1-0

[Event "ICC tourney 2375 (15 3)"]
[Site "Internet Chess Club"]
[Date "2021.02.06"]
[Round "4"]
[White "onektworta"]
[Black "levfmarcus"]
[Result "0-1"]
[ICCResult "White resigns"]
[WhiteElo "1272"]
[BlackElo "1616"]
[Opening "QGD: Albin counter-gambit"]
[ECO "D08"]
[NIC "QG.02"]
[Time "15:15:16"]
[PlyCount "68"]
[TimeControl "900+3"]

1. d4 d5 2. c4 e5 3. dxe5 d4 4. Nf3 Nc6 5. Bg5 Be7 6. Bxe7 Ngxe7 7. Nbd2
Ng6 8. Nb3 Ncxe5 9. Nxe5 Nxe5 10. Nxd4 O-O 11. e3 c5 12. Nb3 Qe7 13. Be2
Rd8 14. Qc2 b6 15. O-O Bb7 16. Rad1 Qg5 17. e4 f5 18. Rxd8+ Rxd8 19. Nd2
Rxd2 20. Qc3 Bxe4 21. f3 Rxe2 22. Rf2 Rxf2 23. Kxf2 Nd3+ 24. Kf1 Qc1+ 25.
Qxc1 Nxc1 26. fxe4 fxe4 27. Kf2 Nd3+ 28. Ke3 Nxb2 29. Kxe4 Nxc4 30. Kd5
Ne3+ 31. Kc6 c4 32. Kb7 c3 33. Kxa7 c2 34. Kxb6 c1=Q { White resigns } 0-1

[Event "ICC tourney 2375 (15 3)"]
[Site "Internet Chess Club"]
[Date "2021.02.06"]
[Round "4"]
[White "nov-s"]
[Black "UltimateDL"]
[Result "0-1"]
[ICCResult "White checkmated"]
[WhiteElo "1291"]
[BlackElo "1480"]
[Opening "Sicilian: accelerated fianchetto, modern variation"]
[ECO "B34"]
[NIC "SI.33"]
[Time "15:15:26"]
[PlyCount "88"]
[TimeControl "900+3"]

1. e4 c5 2. Nf3 Nc6 3. d4 cxd4 4. Nxd4 g6 5. Nc3 Bg7 6. Be3 Nf6 7. f3 O-O
8. Bc4 Qb6 9. Qe2 Qxb2 10. Nb3 Qxc3+ 11. Bd2 Qe5 12. O-O Nd4 13. Nxd4 Qxd4+
14. Be3 Qe5 15. Rad1 Qc7 16. Qd3 d6 17. Bb3 Bd7 18. c4 a6 19. Rfe1 b5 20.
cxb5 Bxb5 21. Qd2 Qd7 22. Bd5 Nxd5 23. Qxd5 Qc6 24. Qd2 Bc3 25. Qc2 Bxe1
26. Qxc6 Bxc6 27. Rxe1 Rfc8 28. Rb1 Rab8 29. Rd1 Rb2 30. a3 Rb3 31. Bc1 Bb5
32. Kf2 Rc2+ 33. Kg3 Rb1 34. a4 Rbxc1 35. Rxc1 Rxc1 36. axb5 axb5 37. Kf2
b4 38. Ke2 b3 39. Kd2 b2 40. Ke3 b1=Q 41. Kf4 e5+ 42. Kg5 Qb3 43. Kf6 h6
44. h4 Qe6# { White checkmated } 0-1

[Event "ICC tourney 2375 (15 3)"]
[Site "Internet Chess Club"]
[Date "2021.02.06"]
[Round "4"]
[White "nuttysac"]
[Black "GSHenry"]
[Result "0-1"]
[ICCResult "White checkmated"]
[WhiteElo "1761"]
[BlackElo "1670"]
[Opening "Nimzovich-Larsen attack: modern variation"]
[ECO "A01"]
[NIC "VO.08"]
[Time "15:15:27"]
[PlyCount "60"]
[TimeControl "900+3"]

1. b3 e5 2. Bb2 Nc6 3. e3 Nf6 4. d4 exd4 5. exd4 d5 6. Nf3 Bg4 7. Be2 Ne4
8. O-O Be7 9. c4 dxc4 10. bxc4 O-O 11. d5 Nb4 12. a3 Na6 13. Nd4 Bxe2 14.
Qxe2 Nf6 15. Nf5 Re8 16. Qf3 g6 17. Nxe7+ Qxe7 18. Bxf6 Qd6 19. Nc3 Nc5 20.
Rfe1 Nd7 21. Bd4 c5 22. Nb5 Qb6 23. Be3 a6 24. Nc3 Ne5 25. Qe4 f5 26. Qh4
Qb3 27. Rec1 Nd3 28. Rab1 Qxa3 29. Rxb7 Qxc1+ 30. Bxc1 Re1# { White
checkmated } 0-1

[Event "ICC tourney 2375 (15 3)"]
[Site "Internet Chess Club"]
[Date "2021.02.06"]
[Round "4"]
[White "Stepaheadofu"]
[Black "drmikemc"]
[Result "1/2-1/2"]
[ICCResult "Game drawn by mutual agreement"]
[WhiteElo "1631"]
[BlackElo "1666"]
[Opening "Sicilian defense"]
[ECO "B20"]
[NIC "SI.48"]
[Time "15:16:10"]
[PlyCount "95"]
[TimeControl "900+3"]

1. e4 c5 2. c4 Nc6 3. Nf3 b6 4. Nc3 Bb7 5. d3 Nf6 6. Bf4 h6 7. Nb5 Rc8 8.
Ne5 Nd4 9. a4 a6 10. Nc3 d6 11. Nf3 e5 12. Be3 Be7 13. Nd5 Bxd5 14. cxd5
Ng4 15. Bxd4 cxd4 16. b4 Rc3 17. b5 a5 18. Rc1 Qc7 19. Ra1 Rc2 20. Be2 Nf6
21. O-O Qc3 22. Re1 O-O 23. h3 Rc8 24. Nh4 g6 25. Bf1 Nh5 26. g3 Qb2 27.
Rb1 Qc3 28. Re2 Bxh4 29. Rxc2 Qxc2 30. gxh4 Nf4 31. f3 Rc3 32. Qxc2 Rxc2
33. Ra1 Rc3 34. Kf2 Nxd3+ 35. Bxd3 Rxd3 36. Rc1 Rc3 37. Rxc3 dxc3 38. Ke2
f5 39. Kd3 fxe4+ 40. fxe4 Kf7 41. Kxc3 Kf6 42. Kd3 h5 43. Ke3 g5 44. Kf3
gxh4 45. Kg2 Kg5 46. Kf3 Kg6 47. Ke3 Kg5 48. Kf3 { Game drawn by mutual
agreement } 1/2-1/2

[Event "ICC tourney 2375 (15 3)"]
[Site "Internet Chess Club"]
[Date "2021.02.06"]
[Round "4"]
[White "ChrisHinkle"]
[Black "AdityaBang"]
[Result "1-0"]
[ICCResult "Black resigns"]
[WhiteElo "1513"]
[BlackElo "1416"]
[Opening "Pirc defense"]
[ECO "B07"]
[NIC "PU.08"]
[Time "15:15:21"]
[PlyCount "68"]
[TimeControl "900+3"]

1. e4 d6 2. d4 Nf6 3. Bd3 g6 4. c4 Bg7 5. Nc3 Nc6 6. Nge2 O-O 7. O-O Nd7 8.
Be3 e5 9. d5 Ne7 10. Bg5 h6 11. Bh4 g5 12. Bg3 f5 13. exf5 Nxf5 14. Ne4 Nc5
15. Nxc5 dxc5 16. Nc3 Nd6 17. Re1 Re8 18. f3 a6 19. Qc2 Re7 20. h4 Rf7 21.
Bg6 Rf8 22. h5 Bf5 23. Bxf5 Nxf5 24. Bxe5 Bxe5 25. Rxe5 Nd4 26. Qg6+ Kh8
27. Qxh6+ Kg8 28. Rxg5+ Kf7 29. Rg7+ Ke8 30. Re1+ Qe7 31. Rexe7+ Kd8 32.
Rd7+ Kc8 33. Rxc7+ Kb8 34. Rxb7+ Kc8 { Black resigns } 1-0

[Event "ICC tourney 2375 (15 3)"]
[Site "Internet Chess Club"]
[Date "2021.02.06"]
[Round "4"]
[White "TheSuperKing"]
[Black "anirudha-menon"]
[Result "0-1"]
[ICCResult "White resigns"]
[WhiteElo "1710"]
[BlackElo "1769"]
[Opening "Sicilian"]
[ECO "B54"]
[NIC "SI.01"]
[Time "15:15:17"]
[PlyCount "114"]
[TimeControl "900+3"]

1. e4 c5 2. Nf3 d6 3. d4 cxd4 4. Nxd4 Nd7 5. Nc3 Ngf6 6. Be3 e6 7. Bc4 Nb6
8. Bb5+ Bd7 9. Bxd7+ Qxd7 10. O-O Nc4 11. Bc1 Be7 12. Qd3 Rc8 13. Qg3 O-O
14. Rd1 a6 15. b3 Na5 16. e5 Ne8 17. Nde2 Qc7 18. Bf4 Rd8 19. Rac1 Nc6 20.
exd6 Bxd6 21. Bxd6 Rxd6 22. Rxd6 Qxd6 23. Qxd6 Nxd6 24. Rd1 Rd8 25. Nd4
Nxd4 26. Rxd4 Kf8 27. Ne4 Ke7 28. Nxd6 Rxd6 29. Rxd6 Kxd6 30. Kf1 Kc5 31.
Ke2 Kb4 32. a4 Kc3 33. Kd1 a5 34. h4 f6 35. Kc1 f5 36. f4 g6 37. g3 h6 38.
Kd1 Kd4 39. Kd2 Ke4 40. Ke2 Kd4 41. Kd2 Kd5 42. Kd3 e5 43. c4+ Kd6 44. Kd2
e4 45. Ke3 Kc5 46. g4 h5 47. gxf5 gxf5 48. Kd2 Kb4 49. Kc2 e3 50. Kd3 Kxb3
51. c5 Kxa4 52. Kxe3 Kb3 53. Kd4 a4 54. Ke5 a3 55. Kxf5 a2 56. Kg6 a1=Q 57.
f5 Qh8 { White resigns } 0-1

[Event "ICC tourney 2375 (15 3)"]
[Site "Internet Chess Club"]
[Date "2021.02.06"]
[Round "4"]
[White "rosealec"]
[Black "lwidjaja"]
[Result "1/2-1/2"]
[ICCResult "Game drawn by repetition"]
[WhiteElo "1228"]
[BlackElo "1482"]
[Opening "Ruy Lopez: Berlin defense, open variation"]
[ECO "C67"]
[NIC "RL.07"]
[Time "15:15:19"]
[PlyCount "97"]
[TimeControl "900+3"]

1. e4 e5 2. Nf3 Nc6 3. Bb5 Nf6 4. O-O Nxe4 5. Re1 Nd6 6. Bxc6 dxc6 7. Nxe5
Be7 8. d4 O-O 9. Nc3 Bf6 10. h3 Nf5 11. d5 c5 12. Ng4 Nd4 13. Nxf6+ Qxf6
14. Ne4 Qg6 15. Qd3 Bf5 16. c3 Rae8 17. cxd4 Rxe4 18. Rxe4 Bxe4 19. Qg3
cxd4 20. Bf4 Bxd5 21. Qxg6 fxg6 22. Bxc7 Rc8 23. Be5 d3 24. Bc3 Re8 25. Rd1
Bc4 26. Kh2 Re2 27. Kg3 b5 28. b3 Be6 29. Rxd3 Rxa2 30. Rd8+ Kf7 31. Rb8 a6
32. Rb7+ Ke8 33. Rxg7 Bxb3 34. Rxh7 Bf7 35. Bf6 b4 36. Rh8+ Kd7 37. Rd8+
Ke6 38. Bg7 Ke7 39. Rb8 b3 40. Rb7+ Ke8 41. Rb8+ Kd7 42. Rb7+ Ke8 43. Rb8+
Ke7 44. Rb7+ Ke8 45. Rb8+ Kd7 46. Rb7+ Ke8 47. Rb8+ Ke7 48. Rb7+ Ke8 49.
Rb8+ { Game drawn by repetition } 1/2-1/2